 Dungeon Crawl Stone Soup version 0.31-a0-845-g9abc20d24f (webtiles) character file.

Game seed: 8793471879653242930

7568 croobank the Nimble (level 10, -1/49 HPs)
             Began as a Felid Fighter on Oct 2, 2023.
             Was an Initiate of Yredelemnul.
             Slain by a sixfirhy (8 damage)
             ... summoned by a kobold demonologist
             ... on level 7 of the Dungeon.
             The game lasted 01:11:10 (7795 turns).

croobank the Nimble (Felid Fighter)                 Turns: 7795, Time: 01:11:11

Health: -1/49      AC:  4    Str: 14    XL:     10   Next: 97%
Magic:  0/18       EV: 28    Int: 18    God:    Yredelemnul [......]
Gold:   314        SH:  0    Dex: 22    Spells: 17/19 levels left
                                        Lives:  0   Deaths: 4

rFire   . .          .
                       - Unarmed
rCold   . . .        (shield unavailable)
rNeg    . . .        (body armour unavailable)
rPois   .            (helmet unavailable)
rElec   .            (cloak unavailable)
rCorr   .            (gloves unavailable)
SInv    +            (boots unavailable)
Will    +....        c - amulet of guardian spirit
Stlth   ++++         b - +6 ring of intelligence
HPRegen 0.28/turn    m - +6 ring of dexterity
MPRegen 0.16/turn

%: guardian spirit
@: quick
A: very small, claws 1, fangs 3, see invisible, speed 1, shaggy fur 2, stealthy
paws, no weapons or thrown items, no armour, multi-lived, iridescent scales 1
a: Renounce Religion, Recall Undead Harvest


You were on level 7 of the Dungeon.
You worshipped Yredelemnul.
Yredelemnul was noncommittal.
You visited 1 branch of the dungeon, and saw 10 of its levels.
You also visited: Sewer and Bailey.

You collected 325 gold pieces.
You spent 11 gold pieces at shops.

Inventory:

Jewellery
 b - a +6 ring of intelligence (left paw)
 c - an amulet of guardian spirit (around neck)
 d - an amulet of magic regeneration
 m - a +6 ring of dexterity (right paw)
Talismans
 r - a storm talisman
Wands
 a - a wand of flame (17)
Scrolls
 g - a scroll of noise
 h - 2 scrolls of teleportation
 j - a scroll of immolation
 q - 2 scrolls of identify
Potions
 e - 2 potions of attraction
 f - a potion of lignification
 k - a potion of mutation
 l - 3 potions of enlightenment
 p - 2 potions of curing


   Skills:
 + Level 9.4 Fighting
 + Level 12.0 Dodging
 + Level 8.6 Stealth
 + Level 9.7 Unarmed Combat
 - Level 5.0 Spellcasting
 + Level 4.1 Invocations


You had 17 spell levels left.
You knew the following spells:

 Your Spells              Type           Power      Damage    Failure   Level
a - Freeze                Ice            16%        1d4       13%         1
b - Apportation           Tloc           8%         N/A       13%         1

Your spell library contained the following spells:

 Spells                   Type           Power      Damage    Failure   Level
 Necrotise                Necr           16%        1d4       13%         1
 Summon Small Mammal      Summ           16%        N/A       13%         1
 Frozen Ramparts          Ice            8%         1d2       36%         3
 Hailstorm                Conj/Ice       4%         3d4       36%         3
 Volatile Blastmotes      Fire/Tloc      8%         2d10      36%         3
 Fulminant Prism          Conj/Hex       2%         3d5       78%         4
 Iskenderun's Mystic Bla  Conj/Tloc      4%         2d3       78%         4
 Haunt                    Necr/Summ      2%         N/A       100%        7
 Infestation              Necr           2%         N/A       100%        8
 Animate Dead             Necr           Unusable   N/A       N/A         4

Dungeon Overview and Level Annotations

Branches:
Dungeon (10/15)            Temple (0/1) D:6           Sewer (visited)
 Bailey (visited)
   Lair: D:8-11         Orc: D:9-12

Altars:
Hepliaklqana
Nemelex Xobeh
Okawaru
Qazlal
Ru
Yredelemnul

Shops:
D:2 !   D:3 =   D:4 :**   D:7 [[

Annotations:
D:4 1 runed translucent door, Crazy Yiuf
D:7 Jeremiah, Menkaure
D:8 !Orc warlord
D:9 Grum
D:10 Lodul


Innate Abilities, Weirdness & Mutations

You have sharp claws.
You have razor-sharp teeth.
You have supernaturally acute eyesight. (SInv)
You cover ground quickly. (Speed+)
You are covered in thick fur. (AC +2)
Your paws help you pounce on unaware monsters.
You are incapable of wielding weapons or throwing items.
You cannot wear armour.
You gain extra lives every three experience levels.
You are partially covered in iridescent scales. (AC +2)


Message History

The sixfirhy hits your butterfly.
Your butterfly dies!
Your butterfly disappears in a burst of colours!
The hellwing hits your butterfly!
Your butterfly dies!
Your butterfly disappears in a burst of colours!
The kobold demonologist misses you.
You swap places.
The chaos spawn gores your butterfly!
Your butterfly dies!
Your butterfly disappears in a burst of colours!
Aiming: Throw Flame
Press: ? - help, Shift-Dir - straight line, f - kobold demonologist
Aim: a kobold demonologist, wielding a +0 dagger and wearing a +0 robe (severely wounded, ally target, 56% to hit)
The puff of flame hits the kobold demonologist.
The kobold demonologist is severely wounded.
The kobold demonologist hits your butterfly with a +0 dagger.
Your butterfly dies!
Your butterfly disappears in a burst of colours!
Aiming: Throw Flame
Press: ? - help, Shift-Dir - straight line, f/p - kobold demonologist
Aim: a kobold demonologist, wielding a +0 dagger and wearing a +0 robe (severely wounded, ally target, 56% to hit)
The puff of flame hits the kobold demonologist.
The kobold demonologist is almost dead.
The sixfirhy misses your butterfly. The sixfirhy hits your butterfly!
Your butterfly dies!
Your butterfly disappears in a burst of colours!
The kobold demonologist gestures wildly while chanting.
Aiming: Throw Flame
Press: ? - help, Shift-Dir - straight line, f/p - kobold demonologist
Aim: a kobold demonologist, wielding a +0 dagger and wearing a +0 robe (almost dead, ally target, 56% to hit)
The puff of flame hits the chaos spawn.
The chaos spawn is lightly wounded.
The sixfirhy misses your butterfly. The sixfirhy hits your butterfly!
Your butterfly dies!
Your butterfly disappears in a burst of colours!
The sixfirhy hits you.
* * * LOW HITPOINT WARNING * * *
The sixfirhy shocks you!
You die...
Your body rises from the dead as a mindless zombie.

#....# #.####.###...[.....
#....#########.## #..#8.........
####........##..#######.........
#..)...b.b........##8.[.8...8
#.).......##.####.####_###8##
##....#'#b.#..# #.# #######
###..b∩bbb...# #.# ##.####
#..#+#b.######.# ##..o...
#.b.b.b43@bbb..####..W....
##.)..bK########.W......Z.
##b###b# #o########.
######)###.# ##.# #.
#.....)..4.# ### #W.# #.
#.......##b###.###.###.## #.
#.......#...............# #.
#.........##.###.###.##...
#.......#.#...........#.##


You could see a kobold demonologist (ally target), a sixfirhy (summoned, ally
target) and a chaos spawn (summoned, ally target).

Vanquished Creatures
  A wyvern (D:6)
  An acid dragon (D:9)
  A water moccasin (D:7)
  Duvessa (D:7)
  6 orc warriors
  Pargi (Sewer)
  A sky beast (D:6)
  2 hornet zombies (D:7)
  A black bear (D:6)
  3 ogres (D:10)
  3 wolves (D:9)
  5 centaurs
  A phantom (D:6)
  A kobold brigand (D:6)
  A bullfrog (D:6)
  3 scorpions
  A water moccasin zombie (D:7)
  2 wyvern zombies (D:7)
  Dowan (D:7)
  7 wights (D:8)
  A howler monkey (D:10)
  A centaur zombie (D:7)
  2 bullfrog zombies (D:7)
  3 orc priests
  5 hounds
  2 jellies (D:5)
  2 sleepcaps
  2 iguanas
  10 orc wizards
  Ijyb (D:3)
  9 adders
  4 gnolls
  A shadow imp (D:7)
  2 white imps (D:6)
  3 worms
  2 dart slugs
  33 orcs
  5 bats
  5 endoplasms
  4 giant cockroaches
  18 goblins
  8 hobgoblins
  6 jackals
  17 kobolds
  3 quokkas
  6 ball pythons
  13 frilled lizards
  21 rats
232 creatures vanquished.

Vanquished Creatures (collateral kills)
  A two-headed ogre (D:9)
  An orc priest (D:6)
  A gnoll (Bailey)
  2 adders
  4 orcs
  An endoplasm (D:3)
  6 kobolds
  2 bats
  A frilled lizard (D:2)
  A goblin (Bailey)
  2 rats (D:2)
22 creatures vanquished.

Vanquished Creatures (others)
  A spectral water moccasin (D:7)
  A wolf zombie (D:9)
  3 centaur zombies
  An ogre zombie (D:10)
  A sky beast zombie (D:6)
  A hound zombie (D:6)
  5 adder zombies
  A spectral white imp (D:6)
  An endoplasm zombie (D:3)
  A frilled lizard zombie (Sewer)
  A giant cockroach zombie (D:4)
  8 goblin zombies
  A hobgoblin zombie (Bailey)
  11 kobold zombies
  10 orc zombies
  A quokka zombie (D:3)
  2 rat zombies (D:2)
50 creatures vanquished.

Grand Total: 304 creatures vanquished

Notes
Turn   | Place    | Note
-------+----------+-------------------------------------------
     0 | D:1      | croobank the Felid Fighter began the quest for the Orb.
     0 | D:1      | Reached XP level 1. HP: 10/10 MP: 2/2
   140 | D:2      | Reached XP level 2. HP: 11/14 MP: 3/3
   565 | D:1      | Reached XP level 3. HP: 17/17 MP: 4/4
   763 | D:2      | Found Jommekko's Distillery.
   770 | D:2      | Bought a potion of degeneration for 11 gold pieces
   825 | D:2      | Found a faded altar of an unknown god.
   828 | D:2      | Prayed at the altar of an unknown god.
   828 | D:2      | Became a worshipper of Yredelemnul the Dark
   926 | D:2      | Reached * piety under Yredelemnul
   937 | D:2      | You fall into a shaft and drop 2 floors!
  1234 | D:2      | Reached ** piety under Yredelemnul
  1409 | D:2      | Reached XP level 4. HP: 22/22 MP: 3/5
  1493 | D:3      | Reached skill level 5 in Dodging
  1501 | D:3      | Learned a level 1 spell: Freeze
  1662 | D:3      | Identified the +4 war axe of Suikha {flame, rElec rN+ Will-
                  | Int+2}
  1736 | D:3      | Noticed Ijyb
  1754 | D:3      | Killed Ijyb
  1884 | D:3      | Reached XP level 5. HP: 11/25 MP: 2/6
  2096 | D:3      | Found Ceosap's Jewellery Boutique.
  2212 | D:4      | Reached skill level 5 in Unarmed Combat
  2398 | D:4      | Found Ogaumnos's Specific Store.
  2399 | D:4      | Found Vuhod's General Store.
  2569 | D:4      | Reached skill level 1 in Spellcasting
  2602 | D:4      | Found Renarax's Book Shoppe.
  2689 | D:4      | Found a runed translucent door.
  2690 | D:4      | Noticed Crazy Yiuf
  2717 | D:5      | Entered Level 5 of the Dungeon
  2726 | D:5      | Gained mutation: You are covered in thick fur. (AC +2)
                  | [Felid growth]
  2726 | D:5      | Reached XP level 6. HP: 16/29 MP: 3/8
  2922 | D:5      | Reached skill level 6 in Dodging
  3066 | D:4      | HP: 2/43 [poisoned by a scorpion]
  3616 | D:5      | Reached skill level 5 in Fighting
  3616 | D:5      | Reached XP level 7. HP: 33/33 MP: 11/11
  3838 | D:6      | Found a glowing drain.
  3869 | Sewer    | Entered a sewer
  3929 | Sewer    | Noticed Pargi
  3946 | Sewer    | Killed Pargi
  3947 | Sewer    | Reached skill level 7 in Dodging
  4137 | D:6      | Slain by an orc warrior
  4345 | D:6      | Reached XP level 8. HP: 38/38 MP: 11/13
  4382 | D:6      | Found a stormy altar of Qazlal.
  4481 | D:6      | Found a staircase to the Ecumenical Temple.
  4497 | D:6      | Learned a level 1 spell: Apportation
  4606 | D:6      | Reached skill level 8 in Dodging
  4606 | D:6      | Reached skill level 1 in Invocations
  4840 | D:7      | Noticed Jeremiah
  4902 | D:7      | Found a basalt altar of Yredelemnul.
  4991 | D:7      | Noticed a kobold demonologist
  4992 | D:7      | Found Muuher's Antique Armour Shop.
  5066 | D:7      | Killed by an exploding water moccasin... ignited by their
                  | inner flame
  5077 | D:7      | Found a hazy altar of Hepliaklqana.
  5110 | D:7      | Noticed Menkaure
  5111 | D:7      | Noticed a hellwing
  5899 | D:8      | Reached XP level 9. HP: 41/42 MP: 16/16
  6050 | D:8      | Found a flagged portal.
  6173 | Bailey   | Entered a bailey
  6196 | Bailey   | Noticed an orc warlord
  6288 | Bailey   | Reached skill level 9 in Dodging
  6306 | Bailey   | Found a runed translucent gate.
  6308 | Bailey   | Found a runed translucent gate.
  6309 | Bailey   | Found a runed translucent gate.
  6461 | Bailey   | Gained mutation: Your spells are a little easier to cast,
                  | but a little less powerful. [potion of mutation]
  6461 | Bailey   | Gained mutation: You are partially covered in iridescent
                  | scales. (AC +2) [potion of mutation]
  6461 | Bailey   | Lost mutation: Your spells are a little easier to cast, but
                  | a little less powerful. [potion of mutation]
  6481 | Bailey   | Reached skill level 11 in Dodging
  6481 | Bailey   | Reached XP level 10. HP: 49/49 MP: 18/18
  6507 | D:7      | Noticed Duvessa
  6507 | D:7      | Found an iron altar of Okawaru.
  6507 | D:7      | Found a sacrificial altar of Ru.
  6509 | D:7      | Noticed Dowan
  6513 | D:7      | Killed Duvessa
  6525 | D:7      | Killed Dowan
  6645 | D:9      | Noticed a two-headed ogre
  6663 | D:9      | Slain by a two-headed ogre
  6678 | D:9      | Noticed Grum
  6688 | D:9      | Reached skill level 5 in Spellcasting
  6694 | D:9      | Found a sparkling altar of Nemelex Xobeh.
  6721 | D:9      | Killed a two-headed ogre
  6863 | D:9      | Slain by a wight
  6868 | D:10     | Entered Level 10 of the Dungeon
  6901 | D:10     | Noticed Lodul
  7562 | D:7      | Reached skill level 12 in Dodging
  7586 | D:7      | Found Nyfyg's Armour Shop.
  7787 | D:7      | Noticed a sixfirhy
  7795 | D:7      | Slain by a sixfirhy

Illustrated notes

Levels and vault maps discovered:
D:1:      dpeg_arrival_long_road, layout_loops_ring, minmay_octomino_j4
D:2:      layout_basic, serial_shops, shop,
          hellmonk_ecumenical_altar_heavens_door, minmay_rat_hole
D:3:      layout_basic, serial_shops, nicolae_shop_advertising_works
          [nicolae_subvault_shop_adworks], uniq_ijyb
D:4:      layout_basic, serial_shops, nicolae_book_shop_shelving,
          nicolae_specific_store, uniq_crazy_yiuf_cottage
D:5:      layout_cave_pools, serial_column_ruins, column_ruins_pillar_3,
          column_ruins_pillar_3, column_ruins_pillar_10, column_ruins_pillar_1,
          column_ruins_pillar_7, column_ruins_pillar_7, column_ruins_pillar_1,
          column_ruins_pillar_1, column_ruins_pillar_9, column_ruins_pillar_2,
          column_ruins_pillar_3, column_ruins_pillar_2, column_ruins_pillar_2,
          column_ruins_pillar_1
D:6:      layout_basic, nicolae_qazlal_beasts_of_the_sky,
          minmay_temple_entry_offerings, gup_sewer_entry_glass
D:7:      layout_rooms, nicolae_overflow_hidden_temple,
          nicolae_yredelemnul_corpse_copse, nzn_hepliaklqana_mist_gate,
          serial_shops, shop, shop, kennysheep_mini_moat, shop,
          nicolae_concentric_dashed_squares_mild, uniq_jeremiah, uniq_duvessa,
          uniq_menkaure
D:8:      layout_loops_ring, enter_bailey_3, chequers_serial_rivers_room_b,
          kennysheep_generic_room_3
D:9:      layout_irregular_city, mainiacjoe_overflow_chevrons,
          minmay_orc_entry_temple_small, uniq_maggie, uniq_grum
D:10:     layout_basic, david_lair_shrubbed, serial_glass, glass_columns_a,
          glass_columns_a, glass_columns_a, glass_columns_a, glass_columns_c,
          glass_columns_a, item_on_display_a, uniq_lodul, uniq_urug, uniq_psyche

Skill      XL: |  1  2  3  4  5  6  7  8  9 10 |
---------------+-------------------------------+-----
Dodging        | 5 6 7 8 11 12 | 12.0
Fighting       | 4 5 6 9 |  9.4
Unarmed Combat | 5 6 7 9 |  9.7
Spellcasting   | 1 2 3 4 5 |  5.0
Invocations    | 2 3 4 |  4.1
Stealth        | 7 8 |  8.6

Action                     |  1- 3 |  4- 6 |  7- 9 | 10-12 || total
---------------------------+-------+-------+-------+-------++-------
  Melee: Unarmed           |   129 |   150 |   287 |   160 ||   726
         Bite              |     6 |    13 |    45 |    19 ||    83
         Punch             |     2 |     6 |    17 |     9 ||    34
   Cast: Freeze            |       |     1 |    14 |       ||    15
 Invoke: Recall Undead Har |     1 |     1 |     5 |     3 ||    10
  Evoke: Wand              |       |       |    23 |    20 ||    43
    Use: Scroll            |     2 |       |    16 |     2 ||    20
         Potion            |       |     2 |    13 |     3 ||    18
   Stab: Sleeping          |     3 |     1 |       |     6 ||    10
         Distracted        |       |       |       |     2 ||     2
 Armour: Skin              |    31 |    45 |   104 |    56 ||   236
  Dodge: Dodged            |    86 |   105 |   339 |   159 ||   689

Table legend: (Time is in decaauts)
 A = Elapsed time spent in this place.
 B = Non-inter-level travel time spent in this place.
 C = Inter-level travel time spent in this place.
 D = Time resting spent in this place.
 E = Time spent auto-exploring this place.
 F = Levels seen in this place.
 G = Mean time per level.
                   A        B        C        D        E       F      G
               +--------+--------+--------+--------+--------+-----+--------+
         Total |   6754 |   6476 |    278 |   1370 |   2732 |  12 |  562.8 |
       Dungeon |   6245 |   5967 |    278 |   1262 |   2677 |  10 |  624.5 |
         Sewer |    230 |    230 |      0 |     52 |     55 |   1 |  230.0 |
        Bailey |    277 |    277 |      0 |     56 |      0 |   1 |  277.0 |
               +--------+--------+--------+--------+--------+-----+--------+

Top non-repeatable levels by time:
     D:6: 1189 daAuts
     D:4: 906 daAuts
     D:8: 780 daAuts
     D:7: 634 daAuts
     D:3: 619 daAuts
     D:5: 601 daAuts
     D:1: 580 daAuts
     D:2: 501 daAuts
     D:9: 340 daAuts
  Bailey: 277 daAuts
   Sewer: 230 daAuts
    D:10: 91 daAuts
